AoeStats
← Chad

Hill Fort

505112618Analyzed
2v2 RM · 24d ago on Sep 7, 2026· 67m 17s· 4 players
Game mode
Random Map
Map size
Medium (4 player)
Population
200
Speed
Normal
Resources
Standard
Victory
Conquest
Starting age
Dark Age
Ending age
Imperial Age
RankedLock teamsTeams togetherTeam positionsShared explorationLock speedFull tech treeHidden civsTurbo modeCheats
Victory
Defeat
🇺🇸 Persians · United States
832
+13
🇨🇿 Magyars · Czechia
807
+14
🇨🇦 Franks · Canada
774
-28
🇺🇸 Britons · United States
774
-30
Chad
10:42 Feudal Age
20:00 Castle Age
19:11 Padded Archer Armor
20:52 Elite Skirmisher
21:31 Fletching
23:41 Wheelbarrow
22:49 Crossbowman
23:48 Horse Collar
23:57 Double-Bit Axe
24:37 Stone Mining
25:30 Bow Saw
25:59 Leather Archer Armor
26:09 Heavy Plow
26:33 Gold Mining
28:58 Hand Cart
29:58 Yeomen
30:11 Bodkin Arrow
31:35 Gold Shaft Mining
31:18 Town Watch
31:20 Loom
33:03 Squires
32:24 Pikeman
33:16 Forging
33:07 Scale Mail Armor
38:40 Imperial Age
38:32 Iron Casting
38:12 Chain Mail Armor
38:48 Halberdier
39:56 Conscription
40:19 Caravan
41:35 Ballistics
42:22 Chemistry
41:28 Bracer
41:59 Ring Archer Armor
41:56 Elite Longbowman
51:34 Hoardings
52:41 Warwolf
53:17 Fortified Wall
52:59 Arrowslits
53:10 Murder Holes
54:26 Blast Furnace
53:56 Plate Mail Armor
The Jelqer
12:03 Feudal Age
13:21 Wheelbarrow
12:34 Double-Bit Axe
18:51 Man-at-Arms
23:12 Castle Age
22:27 Scale Barding Armor
23:48 Scale Mail Armor
24:25 Hand Cart
24:24 Bow Saw
24:07 Gold Mining
24:41 Light Cavalry
27:52 Padded Archer Armor
27:45 Gambesons
28:04 Husbandry
29:31 Gold Shaft Mining
30:05 Stone Mining
30:08 Long Swordsman
30:56 Fletching
31:25 Masonry
31:15 Guard Tower
33:38 Chain Barding Armor
35:30 Chain Mail Armor
36:22 Fortified Wall
36:09 Murder Holes
36:42 #83
38:21 Forging
42:11 Iron Casting
41:51 Caravan
44:36 Imperial Age
43:16 Leather Archer Armor
45:15 Town Watch
46:42 Cavalier
48:18 Architecture
47:34 Arrowslits
48:51 Chemistry
48:13 Elite Throwing Axeman
49:33 Hoardings
51:23 Plate Barding Armor
51:14 Pikeman
53:03 Blast Furnace
53:49 Paladin
Azmir
partyengineer
11:12 Feudal Age
12:08 Double-Bit Axe
13:28 Horse Collar
16:55 Wheelbarrow
19:36 Castle Age
18:29 Stone Mining
19:01 Fletching
21:32 Hand Cart
21:43 Bloodlines
21:57 Town Watch
23:05 Bow Saw
26:45 Forging
27:36 Scale Barding Armor
28:10 Iron Casting
28:46 Town Patrol
28:43 Loom
29:07 Husbandry
29:49 Ballistics
35:27 Imperial Age
34:30 Chain Barding Armor
34:06 Bodkin Arrow
36:33 Citadels
35:48 Cavalier
37:55 Hoardings
37:24 Savar
40:55 Plate Barding Armor
41:21 Blast Furnace
45:34 Kamandaran
45:38 Padded Archer Armor
48:43 Leather Archer Armor
48:58 Parthian Tactics
47:54 Heavy Cavalry Archer
48:40 Thumb Ring
51:48 Conscription
52:03 Ring Archer Armor
52:07 Scale Mail Armor
54:50 Sappers
54:41 Elite War Elephant
Connection lost

Rejoining the realm…

Still unreachable

The connection could not be restored.

Session expired

The server has moved on; the page needs a fresh start.